General information
- name: BNet
- type: Ladder team game (AT/RT)
- host: Battle.net
- saver: LaughingAtYOu
map: Deadlands
- players: 8
- length: 47:54
- speed: Fast
- version: 1.26 W3XP
- replay type: Public
» download(261 KB)
Players
team 1 (winner)

»
Art_of_Murder (
green | 62 APM | 1898 actions | 30:32)
5 Mountain King
3 Storm Bolt
2 Bash
3 Paladin
2 Holy Light
1 Divine Shield
» actions
| Basic commands | 345 | |
| Build / train | 122 | |
| ESC pressed | 4 | |
| Enter build submenu | 28 | |
| Enter hero's abilities submenu | 8 | |
| Remove unit from queue | 3 | |
| Right click | 652 | |
| Select / deselect | 562 | |
| Use ability | 174 | |
1898 total
» units
| Peasant | 25 | |
| Footman | 7 | |
| Knight | 9 | |
| Priest | 9 | |
| Gryphon Rider | 2 | |
| Dragonhawk Rider | 16 | |
68 total
» upgrades
| Lumber Harvesting | 2 | |
| Swords | 2 | |
| Plating | 2 | |
| Sorceress Training | 0 | |
| Priest Training | 1 | |
| Animal War Training | 1 | |
| Cloud | 1 | |
9 total
» buildings
| Altar of Kings | 1 | |
| Barracks | 2 | |
| Farm | 14 | |
| Arcane Vault | 1 | |
| Town Hall | 3 | |
| Lumber Mill | 1 | |
| Keep | 4 | |
| Scout Tower | 15 | |
| Blacksmith | 1 | |
| Guard Tower | 7 | |
| Castle | 2 | |
| Arcane Sanctum | 1 | |
| Gryphon Aviary | 1 | |
53 total
» build order
00:23 Altar of Kings
00:25 Barracks
00:28 Farm
01:05 Farm
01:44 Farm
02:26 Arcane Vault
03:38 Town Hall
03:46 Lumber Mill
04:21 Keep
04:21 Keep
04:22 Keep
04:58 Scout Tower
04:59 Scout Tower
05:12 Blacksmith
05:57 Guard Tower
06:00 Scout Tower
06:00 Scout Tower
06:00 Scout Tower
06:01 Scout Tower
06:10 Scout Tower
06:11 Scout Tower
06:12 Scout Tower
06:52 Guard Tower
07:15 Guard Tower
07:17 Farm
07:17 Farm
07:18 Farm
07:18 Farm
07:27 Castle
07:27 Castle
08:16 Guard Tower
08:33 Arcane Sanctum
08:47 Guard Tower
08:55 Barracks
11:21 Farm
11:21 Farm
12:38 Farm
12:39 Farm
12:39 Farm
12:39 Farm
12:40 Farm
16:26 Gryphon Aviary
21:30 Scout Tower
21:31 Scout Tower
21:32 Scout Tower
21:33 Scout Tower
21:33 Scout Tower
21:34 Scout Tower
23:36 Guard Tower
23:37 Guard Tower
25:11 Town Hall
26:02 Town Hall
» items
| Lesser Clarity Potion | 2 | |
| Scroll of Regeneration | 2 | |
| Scroll of Town Portal | 3 | |
| Orb of Fire | 1 | |
8 total
BeCoolB1tch (
blue | 44 APM | 2104 actions | 47:54)
9 Archmage
3 Summon Water Elemental
3 Brilliance Aura
1 Mass Teleport
2 Blizzard
» actions
| Assign group hotkey | 94 | |
| Basic commands | 140 | |
| Build / train | 91 | |
| Enter build submenu | 40 | |
| Enter hero's abilities submenu | 9 | |
| Give item / drop item | 4 | |
| Remove unit from queue | 1 | |
| Right click | 698 | |
| Select / deselect | 502 | |
| Select group hotkey | 383 | |
| Use ability | 142 | |
2104 total
» units
| Peasant | 12 | |
| Footman | 5 | |
| Goblin Shredder | 2 | |
| Gryphon Rider | 14 | |
| Siege Engine | 5 | |
38 total
» upgrades
| Masonry | 3 | |
| Swords | 3 | |
| Armor | 3 | |
| Animal War Training | 1 | |
| Storm Hammers | 1 | |
| Cloud | 1 | |
| Barrage | 1 | |
| Gunpowder | 3 | |
| Plating | 3 | |
19 total
» buildings
| Altar of Kings | 1 | |
| Barracks | 1 | |
| Farm | 11 | |
| Lumber Mill | 1 | |
| Arcane Vault | 2 | |
| Keep | 1 | |
| Town Hall | 2 | |
| Scout Tower | 20 | |
| Guard Tower | 5 | |
| Castle | 1 | |
| Gryphon Aviary | 4 | |
| Blacksmith | 2 | |
| Workshop | 3 | |
54 total
» build order
00:50 Altar of Kings
00:52 Barracks
00:54 Farm
00:59 Farm
01:05 Farm
01:35 Farm
03:10 Lumber Mill
03:22 Arcane Vault
03:58 Keep
04:49 Town Hall
04:54 Scout Tower
04:55 Scout Tower
04:56 Scout Tower
04:56 Scout Tower
05:46 Guard Tower
07:16 Castle
10:57 Gryphon Aviary
10:57 Gryphon Aviary
10:58 Gryphon Aviary
10:59 Gryphon Aviary
11:05 Blacksmith
11:08 Blacksmith
15:19 Farm
17:26 Scout Tower
17:27 Scout Tower
17:27 Scout Tower
17:28 Scout Tower
17:29 Scout Tower
17:32 Scout Tower
17:32 Scout Tower
17:32 Scout Tower
17:33 Scout Tower
17:33 Scout Tower
17:34 Scout Tower
17:34 Scout Tower
17:36 Scout Tower
17:36 Scout Tower
17:38 Scout Tower
17:38 Scout Tower
18:18 Guard Tower
19:03 Guard Tower
19:11 Guard Tower
22:58 Farm
22:58 Farm
22:58 Farm
22:59 Farm
22:59 Farm
23:02 Farm
23:56 Workshop
23:56 Workshop
23:57 Workshop
25:39 Guard Tower
33:38 Town Hall
35:41 Arcane Vault
» items
| Mechanical Critter | 5 | |
| Lesser Clarity Potion | 1 | |
| Scroll of Town Portal | 3 | |
| Potion of Healing | 3 | |
| Scroll of Regeneration | 3 | |
| Staff of Sanctuary | 1 | |
16 total
SPICEY.TURKEY (
orange | 55 APM | 2287 actions | 41:34)
4 Mountain King
2 Storm Bolt
2 Bash
» actions
| Assign group hotkey | 33 | |
| Basic commands | 257 | |
| Build / train | 68 | |
| Enter build submenu | 25 | |
| Enter hero's abilities submenu | 4 | |
| Give item / drop item | 8 | |
| Right click | 810 | |
| Select / deselect | 312 | |
| Select group hotkey | 695 | |
| Use ability | 75 | |
2287 total
» units
| Peasant | 15 | |
| Footman | 4 | |
| Gryphon Rider | 9 | |
| Goblin Sapper | 8 | |
36 total
» upgrades
| Masonry | 2 | |
| Lumber Harvesting | 2 | |
| Swords | 1 | |
| Armor | 1 | |
| Animal War Training | 1 | |
7 total
» buildings
| Altar of Kings | 2 | |
| Barracks | 1 | |
| Farm | 16 | |
| Scout Tower | 5 | |
| Lumber Mill | 2 | |
| Arcane Tower | 1 | |
| Town Hall | 1 | |
| Arcane Vault | 1 | |
| Guard Tower | 4 | |
| Keep | 3 | |
| Blacksmith | 1 | |
| Castle | 2 | |
| Gryphon Aviary | 3 | |
42 total
» build order
00:13 Altar of Kings
00:21 Barracks
00:36 Farm
00:51 Farm
01:36 Scout Tower
01:47 Scout Tower
02:00 Lumber Mill
02:32 Arcane Tower
03:17 Farm
04:23 Town Hall
04:26 Arcane Vault
04:27 Scout Tower
04:28 Scout Tower
04:28 Scout Tower
05:21 Guard Tower
05:45 Keep
06:26 Guard Tower
06:43 Blacksmith
07:18 Guard Tower
07:22 Farm
07:22 Farm
07:23 Farm
07:23 Farm
08:14 Castle
08:21 Gryphon Aviary
09:07 Gryphon Aviary
09:39 Farm
09:42 Farm
09:46 Farm
09:47 Farm
11:01 Gryphon Aviary
12:34 Farm
12:35 Farm
12:36 Farm
12:36 Farm
13:58 Farm
17:50 Lumber Mill
17:52 Keep
22:07 Altar of Kings
» items
| Scroll of Regeneration | 4 | |
| Staff of Teleportation | 1 | |
| Potion of Healing | 1 | |
| Scroll of Town Portal | 1 | |
7 total

»
c0ke.2 (
teal | 40 APM | 1939 actions | 47:54)
3 Demon Hunter
2 Mana Burn
1 Evasion
1 Warden
1 Shadow Strike
» actions
| Assign group hotkey | 31 | |
| Basic commands | 146 | |
| Build / train | 68 | |
| Enter build submenu | 24 | |
| Enter hero's abilities submenu | 4 | |
| Give item / drop item | 3 | |
| Remove unit from queue | 1 | |
| Right click | 910 | |
| Select / deselect | 454 | |
| Select group hotkey | 234 | |
| Use ability | 64 | |
1939 total
» units
| Wisp | 26 | |
| Archer | 3 | |
| Huntress | 2 | |
| Chimaera | 7 | |
| Hippogryph | 12 | |
50 total
» upgrades
| Strength of the Wild | 2 | |
| Reinforced Hides | 2 | |
| Corrosive Breath | 1 | |
5 total
» buildings
| Altar of Elders | 1 | |
| Ancient of War | 1 | |
| Moon Well | 8 | |
| Tree of Ages | 1 | |
| Hunter's Hall | 1 | |
| Tree of Life | 3 | |
| Ancient of Wonders | 1 | |
| Tree of Eternity | 1 | |
| Ancient of Wind | 1 | |
| Chimaera Roost | 6 | |
| Ancient Protector | 1 | |
25 total
» build order
00:36 Altar of Elders
00:42 Ancient of War
00:59 Moon Well
02:10 Moon Well
03:54 Tree of Ages
04:07 Hunter's Hall
04:59 Tree of Life
05:19 Ancient of Wonders
06:16 Tree of Eternity
07:15 Ancient of Wind
08:47 Chimaera Roost
08:54 Chimaera Roost
09:55 Moon Well
09:58 Moon Well
10:29 Moon Well
10:42 Chimaera Roost
10:48 Chimaera Roost
11:29 Tree of Life
12:33 Moon Well
12:37 Moon Well
12:39 Moon Well
13:53 Ancient Protector
18:30 Chimaera Roost
18:33 Chimaera Roost
23:54 Tree of Life
» items
| Orb of Fire | 3 | |
| Potion of Healing | 1 | |
4 total
team 2 (loser)

»
rahumeneast5 (
red | 51 APM | 2101 actions | 41:14)
7 Archmage
3 Summon Water Elemental
3 Brilliance Aura
1 Mass Teleport
6 Mountain King
3 Storm Bolt
1 Bash
1 Thunder Clap
1 Avatar
5 Paladin
3 Holy Light
1 Devotion Aura
1 Divine Shield
» actions
| Assign group hotkey | 37 | |
| Basic commands | 125 | |
| Build / train | 119 | |
| ESC pressed | 8 | |
| Enter build submenu | 40 | |
| Enter hero's abilities submenu | 20 | |
| Give item / drop item | 2 | |
| Right click | 551 | |
| Select / deselect | 561 | |
| Select group hotkey | 471 | |
| Use ability | 167 | |
2101 total
» units
| Peasant | 27 | |
| Rifleman | 10 | |
| Mortar Team | 7 | |
| Gryphon Rider | 3 | |
| Flying Machine | 19 | |
66 total
» upgrades
| Gunpowder | 2 | |
| Long Rifles | 1 | |
| Lumber Harvesting | 1 | |
| Masonry | 1 | |
| Armor | 2 | |
| Fragmentation Shards | 1 | |
| Flare | 1 | |
| Flak Cannons | 1 | |
10 total
» buildings
| Farm | 12 | |
| Blacksmith | 1 | |
| Barracks | 1 | |
| Altar of Kings | 1 | |
| Scout Tower | 11 | |
| Arcane Tower | 2 | |
| Keep | 1 | |
| Arcane Vault | 1 | |
| Lumber Mill | 1 | |
| Guard Tower | 7 | |
| Workshop | 2 | |
| Castle | 1 | |
| Town Hall | 5 | |
| Gryphon Aviary | 1 | |
47 total
» build order
00:40 Farm
00:53 Blacksmith
01:08 Barracks
01:18 Farm
01:23 Altar of Kings
02:03 Farm
02:07 Scout Tower
02:48 Arcane Tower
05:12 Farm
05:13 Keep
05:43 Arcane Vault
05:51 Farm
06:02 Farm
06:10 Lumber Mill
07:49 Scout Tower
07:54 Scout Tower
07:57 Scout Tower
08:02 Farm
08:06 Scout Tower
08:18 Guard Tower
08:26 Guard Tower
08:27 Guard Tower
08:36 Workshop
08:39 Guard Tower
09:04 Scout Tower
09:11 Castle
10:09 Workshop
10:10 Guard Tower
10:14 Farm
11:11 Town Hall
11:54 Scout Tower
12:22 Arcane Tower
12:23 Scout Tower
12:52 Guard Tower
12:53 Scout Tower
14:45 Gryphon Aviary
15:07 Farm
16:06 Farm
16:53 Farm
17:14 Town Hall
24:50 Town Hall
25:48 Scout Tower
28:45 Guard Tower
28:46 Scout Tower
30:44 Town Hall
30:51 Town Hall
40:15 Farm
» items
| Potion of Healing | 2 | |
| Lesser Clarity Potion | 1 | |
| Scroll of Regeneration | 3 | |
| Orb of Fire | 2 | |
| Scroll of Town Portal | 3 | |
11 total
taticalcow (
yellow | 5 APM | 227 actions | 47:54)
1 Archmage
1 Blizzard
» actions
| Assign group hotkey | 10 | |
| Basic commands | 16 | |
| Build / train | 17 | |
| ESC pressed | 1 | |
| Enter build submenu | 10 | |
| Enter hero's abilities submenu | 1 | |
| Right click | 30 | |
| Select / deselect | 87 | |
| Select group hotkey | 35 | |
| Use ability | 20 | |
227 total
» units
» buildings
| Altar of Kings | 1 | |
| Farm | 4 | |
| Lumber Mill | 1 | |
| Scout Tower | 4 | |
| Guard Tower | 3 | |
13 total
» build order
00:04 Altar of Kings
00:08 Farm
00:15 Farm
00:50 Farm
01:09 Lumber Mill
01:30 Farm
01:55 Scout Tower
01:58 Scout Tower
02:13 Scout Tower
02:18 Scout Tower
02:22 Guard Tower
02:27 Guard Tower
02:59 Guard Tower
LaughingAtYOu (
purple | 94 APM | 4498 actions | 47:54)
9 Archmage
3 Summon Water Elemental
3 Brilliance Aura
1 Mass Teleport
2 Blizzard
» actions
| Assign group hotkey | 128 | |
| Basic commands | 311 | |
| Build / train | 170 | |
| ESC pressed | 9 | |
| Enter build submenu | 57 | |
| Enter hero's abilities submenu | 9 | |
| Give item / drop item | 9 | |
| Right click | 2015 | |
| Select / deselect | 458 | |
| Select group hotkey | 1007 | |
| Use ability | 324 | |
4498 total
» units
| Peasant | 26 | |
| Footman | 6 | |
| Goblin Shredder | 4 | |
| Goblin Zeppelin | 1 | |
| Dragonhawk Rider | 4 | |
| Gryphon Rider | 3 | |
44 total
» upgrades
| Storm Hammers | 1 | |
| Swords | 3 | |
| Armor | 3 | |
| Animal War Training | 1 | |
| Masonry | 3 | |
| Cloud | 1 | |
| Plating | 2 | |
| Gunpowder | 2 | |
| Long Rifles | 1 | |
| Defend | 1 | |
| Backpack | 1 | |
| Lumber Harvesting | 1 | |
20 total
» buildings
| Altar of Kings | 2 | |
| Barracks | 1 | |
| Farm | 13 | |
| Lumber Mill | 2 | |
| Keep | 3 | |
| Scout Tower | 30 | |
| Guard Tower | 48 | |
| Arcane Vault | 1 | |
| Town Hall | 3 | |
| Castle | 4 | |
| Gryphon Aviary | 7 | |
| Blacksmith | 2 | |
116 total
» build order
00:48 Altar of Kings
00:49 Barracks
00:51 Farm
00:54 Altar of Kings
01:05 Farm
01:28 Farm
01:42 Farm
01:46 Farm
05:23 Lumber Mill
05:23 Keep
05:23 Keep
05:24 Keep
05:27 Scout Tower
05:27 Scout Tower
05:28 Scout Tower
05:31 Scout Tower
05:32 Scout Tower
05:33 Scout Tower
06:08 Lumber Mill
06:58 Guard Tower
06:58 Guard Tower
06:59 Guard Tower
06:59 Guard Tower
06:59 Guard Tower
06:59 Guard Tower
07:00 Guard Tower
07:05 Scout Tower
07:06 Scout Tower
07:07 Scout Tower
07:07 Scout Tower
07:10 Scout Tower
07:12 Scout Tower
07:30 Arcane Vault
07:38 Guard Tower
07:39 Guard Tower
07:39 Guard Tower
07:40 Guard Tower
07:40 Guard Tower
07:40 Guard Tower
07:42 Guard Tower
07:42 Guard Tower
07:47 Town Hall
08:00 Guard Tower
08:00 Guard Tower
08:00 Guard Tower
08:05 Guard Tower
08:05 Guard Tower
08:43 Guard Tower
08:44 Guard Tower
08:44 Guard Tower
09:15 Guard Tower
09:15 Guard Tower
09:15 Guard Tower
09:26 Guard Tower
09:26 Guard Tower
10:34 Castle
10:35 Castle
10:35 Castle
10:38 Gryphon Aviary
10:39 Gryphon Aviary
12:36 Blacksmith
12:37 Blacksmith
13:58 Farm
13:58 Farm
13:59 Farm
13:59 Farm
15:01 Gryphon Aviary
15:02 Gryphon Aviary
15:24 Gryphon Aviary
16:25 Town Hall
16:29 Scout Tower
16:32 Scout Tower
16:33 Scout Tower
16:33 Scout Tower
16:37 Scout Tower
18:07 Farm
18:07 Farm
18:08 Farm
18:09 Farm
18:11 Gryphon Aviary
18:14 Gryphon Aviary
18:22 Scout Tower
18:23 Scout Tower
18:23 Scout Tower
18:23 Scout Tower
18:51 Guard Tower
19:05 Guard Tower
19:05 Guard Tower
19:06 Guard Tower
19:06 Guard Tower
19:06 Guard Tower
27:13 Town Hall
27:14 Scout Tower
27:15 Scout Tower
27:17 Scout Tower
27:18 Scout Tower
27:19 Scout Tower
27:20 Scout Tower
27:20 Scout Tower
27:21 Scout Tower
27:22 Scout Tower
44:01 Guard Tower
44:02 Guard Tower
44:02 Guard Tower
» items
| Lesser Clarity Potion | 2 | |
| Scroll of Regeneration | 7 | |
| Ivory Tower | 6 | |
| Staff of Sanctuary | 1 | |
| Staff of Teleportation | 1 | |
| Periapt of Vitality | 2 | |
| Potion of Lesser Invulnerability | 3 | |
| Scroll of Town Portal | 2 | |
| Potion of Healing | 2 | |
| Mechanical Critter | 2 | |
| Scroll of Protection | 1 | |
29 total
IBCM (
pink | 25 APM | 93 actions | 03:43)
1 Blood Mage
1 Flame Strike
» actions
| Basic commands | 10 | |
| Build / train | 12 | |
| Enter build submenu | 5 | |
| Enter hero's abilities submenu | 1 | |
| Right click | 16 | |
| Select / deselect | 39 | |
| Use ability | 10 | |
93 total
» units
» buildings
| Altar of Kings | 1 | |
| Farm | 3 | |
| Lumber Mill | 1 | |
5 total
» build order
00:33 Altar of Kings
00:52 Farm
01:10 Lumber Mill
01:31 Farm
02:11 Farm
Chat log
(00:05 / All) SPICEY.TURKEY: qq
(00:09 / Allies) IBCM: little bitch yellow
(00:13 / Allies) taticalcow: u mad?
(00:18 / All) SPICEY.TURKEY: QQQQQQQQQQQ
(00:19 / Allies) IBCM: queer boy
(00:20 / Allies) rahumeneast5: please just play
(00:22 / Allies) taticalcow: u?
(00:29 / Allies) LaughingAtYOu: you have history with yellow, pink?
(00:31 / Allies) IBCM: yellow is a queer kid
(00:35 / Allies) rahumeneast5: we dont have fault of past games
(00:36 / Allies) LaughingAtYOu: what'd he do?
(00:39 / Allies) taticalcow: u mad?
(00:41 / Allies) IBCM: he is My little bitch
(00:43 / All) SPICEY.TURKEY: WTF LOL
(00:44 / Allies) taticalcow: mad?
(00:56 / Allies) LaughingAtYOu: is that all you can say
(01:00 / Allies) LaughingAtYOu: like a parrot or some kind of animal
(01:00 / Allies) IBCM: yellow is a big time newb
(01:01 / Allies) taticalcow: mad?
(01:17 / Allies) LaughingAtYOu: I raped yellow last game I played, he was a maphacker and I killed him and gave him a loss, he was on my team
(01:21 / Allies) IBCM: yellow is fat queer cow
(01:21 / Allies) taticalcow: mad?
(01:23 / Allies) LaughingAtYOu: Sounds like we both do good at making him our little bitch
(01:32 / Allies) taticalcow: mad?
(01:33 / Allies) IBCM: True
(01:37 / Allies) LaughingAtYOu: yellow is a little cuntboy
(01:40 / Allies) taticalcow: mad?
(01:46 / Allies) IBCM: queer boy
(01:51 / Allies) taticalcow: mad?
(01:55 / Allies) IBCM: take his lunch money
(01:55 / Allies) LaughingAtYOu: I'm not mad at all pretty satisied after raping you
(01:57 / Allies) LaughingAtYOu: qq
(01:58 / Allies) LaughingAtYOu: qq
(01:59 / Allies) LaughingAtYOu: qq
(01:59 / Allies) LaughingAtYOu: qq
(02:00 / Allies) taticalcow: mad?
(02:00 / Allies) LaughingAtYOu: qq
(02:17 / Allies) IBCM: you know I take your lunch money yellow
(02:21 / Allies) taticalcow: mad?
(02:38 / Allies) rahumeneast5: sigh
(02:49 / Allies) taticalcow: mad?
(02:52 / Allies) LaughingAtYOu: in the game i played with him all he said was "qq"
(02:53 / Allies) LaughingAtYOu: qq
(02:54 / Allies) LaughingAtYOu: qq
(02:55 / Allies) LaughingAtYOu: qq
(02:59 / Allies) LaughingAtYOu: then when I tked he just left and gave up
(03:08 / Allies) LaughingAtYOu: hahahaha I like you pink
(03:14 / Allies) LaughingAtYOu: I'll help
(03:26 / Allies) IBCM: he is a real life joke
(03:32 / Allies) LaughingAtYOu: no kidding
(03:33 / Allies) taticalcow: mad?
(03:36 / Allies) IBCM: they laughed at him in school
(03:47 / Allies) rahumeneast5: repair
(03:48 / Allies) rahumeneast5: main purp
(03:49 / Allies) taticalcow: mad?
(03:53 / Allies) rahumeneast5: dont kill
(04:01 / Allies) taticalcow: mad?
(04:11 / Allies) LaughingAtYOu: not at all
(04:14 / Allies) taticalcow: mad
(04:15 / Allies) LaughingAtYOu: you can't tk if you try, pink and I can
(04:18 / Allies) rahumeneast5: oh u got owned yellow
(04:21 / Allies) rahumeneast5: stupid prick
(04:23 / Allies) taticalcow: was 2 on 1 madboy
(04:25 / Allies) LaughingAtYOu: hahahaha even red agrees
(04:34 / Allies) taticalcow: mad?
(04:39 / Allies) LaughingAtYOu: qq
(04:39 / Allies) LaughingAtYOu: qq
(04:40 / Allies) LaughingAtYOu: qq
(04:41 / Allies) rahumeneast5: im going to tk u too yellow for being a prick
(04:46 / Allies) taticalcow: brb
(04:56 / Allies) LaughingAtYOu: qq
(05:23 / Allies) rahumeneast5: why kill pink purp
(05:23 / Allies) rahumeneast5: lol
(05:34 / All) SPICEY.TURKEY: qq hacker
(05:39 / All) LaughingAtYOu: qq
(05:39 / All) LaughingAtYOu: qq
(05:40 / All) LaughingAtYOu: qq
(05:42 / All) SPICEY.TURKEY: QQ
(05:45 / All) LaughingAtYOu: he picks one word each game
(05:47 / All) LaughingAtYOu: this game it's "mad"
(07:23 / All) rahumeneast5: lol
(07:28 / All) rahumeneast5: dont know why we are even playing this
(07:34 / All) rahumeneast5: leaver and a tk
(07:34 / All) LaughingAtYOu: I do
(07:45 / Allies) rahumeneast5: why
(07:57 / Allies) LaughingAtYOu: it's a secret and I ain't telling
(08:14 / Allies) LaughingAtYOu: but don't leave
(08:22 / Allies) rahumeneast5: im not
(08:22 / Allies) LaughingAtYOu: tower up if you can and hold
(08:25 / Allies) rahumeneast5: im towering like shit
(08:28 / All) c0ke.2: why ug uys still playing
(08:30 / Allies) LaughingAtYOu: good I'll brt
(08:32 / All) LaughingAtYOu: you lose stfu
(08:38 / All) c0ke.2: j
(08:39 / All) c0ke.2: k
(09:12 / Allies) LaughingAtYOu: coming
(09:44 / Allies) LaughingAtYOu: nice bolt
(10:16 / All) LaughingAtYOu: LOL
(10:23 / All) LaughingAtYOu: that's why we're still here dude
(10:28 / Allies) rahumeneast5: lol
(10:28 / Allies) LaughingAtYOu: expand at the old base
(10:39 / Allies) rahumeneast5: we still
(10:52 / All) LaughingAtYOu: hahahaha you suck green
(11:16 / All) LaughingAtYOu: lol
(11:22 / Allies) LaughingAtYOu: creep goblin lab?
(11:23 / Allies) rahumeneast5: expand?
(11:26 / Allies) rahumeneast5: k
(11:28 / Allies) LaughingAtYOu: yeah I will once I kill his towers
(13:00 / Allies) rahumeneast5: imma go kill
(13:02 / Allies) LaughingAtYOu: kk
(13:13 / Allies) LaughingAtYOu: coming
(14:25 / All) LaughingAtYOu: LOL
(14:52 / Allies) rahumeneast5: fucking knights lol
(16:44 / Allies) rahumeneast5: spicy turkey on our side?
(16:49 / Allies) LaughingAtYOu: looks like it lawl
(17:00 / Allies) LaughingAtYOu: that's why I'm here
(17:40 / Allies) rahumeneast5: u want chimes?
(17:45 / Allies) LaughingAtYOu: no thanks
(17:48 / Allies) LaughingAtYOu: going air
(17:55 / Allies) rahumeneast5: hit?
(17:58 / Allies) LaughingAtYOu: yeah
(18:33 / Allies) LaughingAtYOu: LOL the hall is already dead
(18:37 / Allies) rahumeneast5: lol
(19:58 / Allies) rahumeneast5: spicy ham ur friend?
(22:47 / All) LaughingAtYOu: hero focuser lol
(22:49 / All) LaughingAtYOu: but you don't ever get them
(22:58 / All) Art_of_Murder: kinda busy taking care of tk
(23:05 / All) LaughingAtYOu: hahaha sure okay
(23:08 / All) LaughingAtYOu: you just suck buddy
(23:14 / All) Art_of_Murder: ok
(23:26 / All) LaughingAtYOu: free gryphon
(23:29 / All) LaughingAtYOu: hahaha what the fuck
(23:32 / All) LaughingAtYOu: you can't play at all you suck dude
(23:39 / All) LaughingAtYOu: you just gifted me a level 6 here
(23:42 / All) LaughingAtYOu: for free LOL
(23:43 / All) LaughingAtYOu: thanks buddy!
(25:21 / All) LaughingAtYOu: FREE KNIGHTS!!!!
(26:58 / Allies) rahumeneast5: 2 here
(28:55 / All) LaughingAtYOu: lol
(29:54 / All) LaughingAtYOu: suicide hawks
(30:04 / All) LaughingAtYOu: this is wc3 not modern warfare you are not the taliban or al-qaeda green
(30:39 / All) BeCoolB1tch: lawl whoops
(30:39 / All) rahumeneast5: die noob
(30:48 / All) BeCoolB1tch: lawl
(31:13 / All) BeCoolB1tch: we shall see who the noob is bitch
(34:54 / All) BeCoolB1tch: wassuyp noobie
(35:03 / Allies) rahumeneast5: purp
(35:05 / Allies) rahumeneast5: fucking help
(35:13 / Allies) rahumeneast5: dude u still lost
(35:16 / Allies) LaughingAtYOu: no
(35:17 / All) rahumeneast5: dude u lost
(35:22 / All) BeCoolB1tch: think so?
(35:23 / Allies) LaughingAtYOu: you just don't know the master plan
(36:01 / Allies) rahumeneast5: give me 300 gold and wood
(36:29 / All) LaughingAtYOu: 0 food teal how does it feel?
(38:58 / Allies) rahumeneast5: sight
(39:02 / Allies) LaughingAtYOu: sight?
(39:06 / Allies) rahumeneast5: tired of assholes like u
(39:07 / Allies) rahumeneast5: sigh
(39:16 / Allies) LaughingAtYOu: I'm nice
(39:21 / Allies) LaughingAtYOu: I'm going to give you a chance at winning
(39:28 / Allies) LaughingAtYOu: Unlike other players who would have just left because they can't 2v4
(39:41 / Allies) rahumeneast5: why would u kill me?
(39:52 / Allies) LaughingAtYOu: you'll see
(39:55 / Allies) LaughingAtYOu: it's part of the plan
(40:22 / Allies) rahumeneast5: u better give me enough gold to
(40:23 / Allies) rahumeneast5: revive
(40:28 / Allies) rahumeneast5: each and every one of my heros
(40:30 / All) LaughingAtYOu: Alright everyone listen up
(40:32 / Allies) rahumeneast5: or i will fucking tk u
(40:38 / Allies) rahumeneast5: every fucking chance i get
(40:41 / Allies) rahumeneast5: in next games
(40:43 / All) LaughingAtYOu: Orange, blue, and I are all on the same team
(40:48 / All) LaughingAtYOu: We are going to kill everything, including our own units
(41:01 / All) LaughingAtYOu: Red, teal
(41:05 / All) LaughingAtYOu: and uh
(41:06 / All) LaughingAtYOu: yellow
(41:11 / All) LaughingAtYOu: you will all have equal chances of victory
(41:16 / All) LaughingAtYOu: Neither side of the team will have units
(41:17 / All) LaughingAtYOu: LOL
(41:29 / All) LaughingAtYOu: We still going standoff with just the 2 of em?
(41:30 / All) BeCoolB1tch: cow still here
(41:39 / All) BeCoolB1tch: lawl
(41:57 / All) BeCoolB1tch: He had your help, that's first off
(42:00 / All) LaughingAtYOu: he said I better give him gold to get each and every one of his heroes or he will tk me in every game he plays with me again
(42:02 / All) BeCoolB1tch: Second I was attacking red
(42:20 / All) BeCoolB1tch: What was the difference of me helping him or you helping him
(42:24 / All) BeCoolB1tch: One of us had to take care of red
(42:38 / All) BeCoolB1tch: red was attacking me so I went to take him out
(42:57 / All) BeCoolB1tch: You should have attacked red and me teal/green but whatever
(43:13 / All) LaughingAtYOu: it's more fun to play like normal, people give up faster when you tk
(43:22 / All) LaughingAtYOu: better to play like a normal game when possible, I went after green and you red
(43:26 / All) LaughingAtYOu: I probably should have went after teal instead
(43:29 / All) BeCoolB1tch: What is he bitching about in regards to me tho
(43:32 / All) LaughingAtYOu: but I wasn't paying attention
(43:39 / All) BeCoolB1tch: If I attacked teal/green they would have attacked me PLUS I would have to fight off red
(44:38 / All) BeCoolB1tch: he only looks at things from his perspective
(45:02 / All) BeCoolB1tch: Say our roles were reversed he'd be saying "it's fine it's fine quit being a baby"
(45:32 / All) LaughingAtYOu: True
(45:37 / All) LaughingAtYOu: that would have made it less interesting
(45:43 / All) LaughingAtYOu: if red attacked you and it was all against you I'd have to tk
(45:48 / All) LaughingAtYOu: rather than just drag it out and play like normal
(46:00 / All) LaughingAtYOu: shit
(46:04 / All) LaughingAtYOu: forgot2 red peasants
(46:11 / All) LaughingAtYOu: kill these
(46:15 / All) LaughingAtYOu: then it's done
(46:19 / All) LaughingAtYOu: also kill red's farm
(46:22 / All) LaughingAtYOu: or he could get a hero
(47:24 / Allies) LaughingAtYOu: Have fun faggot, duke it out all night with teal please
(47:38 / Allies) LaughingAtYOu: you can still win and add one to your miserable hacker record!
(47:49 / All) LaughingAtYOu: My side is complete. Good luck everyone. LET IT BEGIN, LET IT BEGIN!